 Dungeon Crawl Stone Soup version 0.26-a0-52-gd53d4cd058 (webtiles) character file.

Game seed: 1679215807396598317

119815 sanka the Black Belt (level 16, -1/144 HPs)
             Began as a Grey Draconian Monk on June 5, 2020.
             Was the Champion of Ru.
             Slain by a spark wasp (11 damage)
             ... on level 2 of the Spider Nest.
             The game lasted 01:25:27 (36261 turns).

sanka the Black Belt (Grey Draconian Monk)         Turns: 36261, Time: 01:25:30

Health: -1/144     AC: 21    Str: 19    XL:     16   Next: 28%
Magic:  0/28       EV: 22    Int: 11    God:    Ru [******]
Gold:   3251       SH:  0    Dex: 24    Spells: 16/31 levels left

rFire    . . .     SeeInvis .     - Unarmed
rCold    . . .     Gourm    .   (no shield)
rNeg     . . .     Faith    .   (armour unavailable)
rPois    +         Spirit   +   n - +0 hat
rElec    .         Reflect  .   H - scarf {repulsion}
rCorr    .         Harm     .   v - +1 pair of gloves {Str+3}
MR       +....                  k - +0 pair of boots
Stlth    ..........             N - amulet of guardian spirit
HPRegen  0.34/turn              M - +4 ring of protection
MPRegen  0.21/turn              W - ring "Uryfytz" {rPois Dex+6}

@: lethally poisoned (-1 -> -8), heavily drained, repel missiles
A: walk through water, unfitting armour, unbreathing, cold-blooded, no stealth,
inability to use devices, unskilled 1, inexperienced 1, AC +14
a: Draw Out Power, Power Leap, Apocalypse, Renounce Religion


You were on level 2 of the Spider Nest.
You worshipped Ru.
Ru was exalted by your worship.
You were not hungry.

You visited 5 branches of the dungeon, and saw 26 of its levels.
You also visited: Ossuary and Bailey.

You collected 3251 gold pieces.


Innate Abilities, Weirdness & Mutations

You can walk through water.
Your dull iron-grey scales are very hard. (AC +14)
You cannot fit into any form of body armour.
You can survive without breathing.
You are cold-blooded and may be slowed by cold attacks.
You cannot be stealthy.
You cannot study or use magical devices.
You are somewhat unskilled. (-1 Apt)
You are somewhat inexperienced. (-2 XL)


   Skills:
 - Level 13.5(11.5) Fighting
 - Level 12.1(10.2) Dodging
 - Level 16.8(14.6) Unarmed Combat
 - Level 8.0(6.2) Spellcasting
 * Level 9.1(7.3) Transmutations


You had 16 spell levels left.
You knew the following spells:

 Your Spells              Type           Power        Failure   Level  Hunger
C - Dragon Form           Tmut           ###.......   100%        7    #######
N - Passwall              Tmut/Erth      ##......     6%          2    ##.....
X - Hydra Form            Tmut           ###.......   82%         6    #######

Your spell library contained the following spells:

 Spells                   Type           Power        Failure   Level  Hunger
 Animate Skeleton         Necr           N/A          19%         1    None
 Apportation              Tloc           #.....       19%         1    None
 Corona                   Hex            #......      19%         1    None
 Foxfire                  Conj/Fire      #...         19%         1    None
 Magic Dart               Conj           #...         19%         1    None
 Summon Small Mammal      Summ           #...         19%         1    None
 Blink                    Tloc           N/A          28%         2    ##.....
 Call Imp                 Summ           #.......     28%         2    ##.....
 Corpse Rot               Necr/Air       N/A          28%         2    ##.....
 Ensorcelled Hibernation  Hex/Ice        #.....       28%         2    ##.....
 Searing Ray              Conj           #.....       28%         2    ##.....
 Shroud of Golubria       Chrm/Tloc      #.....       28%         2    ##.....
 Slow                     Hex            #.......     28%         2    ##.....
 Swiftness                Chrm/Air       #.......     28%         2    ##.....
 Call Canine Familiar     Summ           #.......     50%         3    ###....
 Confusing Touch          Hex            #.......     50%         3    ###....
 Conjure Flame            Conj/Fire      #.......     50%         3    ###....
 Dazzling Flash           Conj/Hex       #.....       50%         3    ###....
 Gell's Gravitas          Tloc           #.........   50%         3    ###....
 Inner Flame              Hex/Fire       #.......     50%         3    ###....
 Lesser Beckoning         Tloc           #.........   50%         3    ###....
 Mephitic Cloud           Conj/Pois/Air  #.......     50%         3    ###....
 Stone Arrow              Conj/Erth      #.....       50%         3    ###....
 Summon Guardian Golem    Hex/Summ       #.......     50%         3    ###....
 Teleport Other           Tloc           #.......     50%         3    ###....
 Tukima's Dance           Hex            #.......     50%         3    ###....
 Irradiate                Conj/Tmut      ##........   75%         5    ######.
 Yara's Violent Unravell  Hex/Tmut       ##........   75%         5    ######.
 Cause Fear               Hex            #.........   88%         4    ####...
 Fulminant Prism          Conj/Hex       #.........   88%         4    ####...
 Iskenderun's Mystic Bla  Conj/Tloc      #.......     88%         4    ####...
 Leda's Liquefaction      Hex/Erth       #.........   88%         4    ####...
 Passage of Golubria      Tloc           N/A          88%         4    ####...
 Sticky Flame             Conj/Fire      #.......     88%         4    ####...
 Summon Ice Beast         Ice/Summ       #.......     88%         4    ####...
 Summon Lightning Spire   Summ/Air       #.......     88%         4    ####...
 Bolt of Magma            Conj/Fire/Erth #.........   99%         5    ######.
 Fireball                 Conj/Fire      #.........   99%         5    ######.
 Lee's Rapid Deconstruct  Erth           #.........   99%         5    ######.
 Silence                  Hex/Air        #.........   99%         5    ######.
 Summon Forest            Summ/Tloc      #.........   99%         5    ######.
 Conjure Ball Lightning   Conj/Air       #.........   100%        6    #######
 Darkness                 Hex            #.........   100%        6    #######
 Eringya's Noxious Bog    Tmut/Pois      ##........   100%        6    #######
 Invisibility             Hex            #.......     100%        6    #######
 Iron Shot                Conj/Erth      #.........   100%        6    #######
 Statue Form              Tmut/Erth      ##.......    100%        6    #######
 Summon Hydra             Summ           #.........   100%        7    #######
 Discord                  Hex            #.........   100%        8    #######
 Shatter                  Erth           #.........   100%        9    #######
 Tornado                  Air            #.........   100%        9    #######

Inventory:

Missiles
 b - 36 boomerangs (quivered)
 m - 5 curare-tipped darts {=f}
 I - 4 throwing nets {=f}
Armour
 k - a +0 pair of boots (worn)
 n - a +0 hat (worn)
 v - a +1 pair of gloves of strength (worn)
 H - a scarf of repulsion (worn)
Jewellery
 h - the ring "Beggir Lygu" {*Tele rElec rF+ MP+9 Int-4}

   [ring of teleportation]

   It may teleport you next to monsters.
   It affects your intelligence (-4).
   It protects you from fire.
   It insulates you from electricity.
   It affects your magic capacity (+9).
 p - an uncursed amulet of the acrobat
 r - an uncursed ring of see invisible
 s - an uncursed ring of protection from cold
 x - an uncursed ring of resist corrosion
 D - the ring of Uxturuirr {rC- Str+8 Slay+4}

   [ring of slaying]

   It affects your strength (+8).
   It affects your accuracy and damage with ranged weapons and melee attacks
   (+4).
   It makes you vulnerable to cold.
 F - an uncursed ring of fire
 M - a +4 ring of protection (left hand)
 N - an amulet of guardian spirit (around neck)
 Q - the ring "Juaner" {Ice rPois rN+ MP-9 Dex+4}

   [ring of ice]

   It enhances your ice magic.
   It affects your dexterity (+4).
   It makes you vulnerable to fire.
   It protects you from cold.
   It protects you from poison.
   It protects you from negative energy.
   It affects your magic capacity (-9).
 S - an uncursed ring of fire
 T - a +6 ring of intelligence
 W - the ring "Uryfytz" (right hand) {rPois Dex+6}

   [ring of poison resistance]

   It affects your dexterity (+6).
   It protects you from poison.
Scrolls
 f - 2 scrolls of fear
 g - 14 scrolls of remove curse
 l - a scroll of silence {unknown}
 o - 14 scrolls of teleportation {@r4}
 t - 5 scrolls of blinking
 w - 12 scrolls of enchant weapon
 y - 2 scrolls of fog
 C - 4 scrolls of immolation {!r}
 E - 5 scrolls of enchant armour
 G - 3 scrolls of magic mapping
 L - a scroll of summoning
 O - a scroll of holy word
 V - 9 scrolls of amnesia
 Y - a scroll of identify {@r1}
Potions
 c - 21 potions of curing {@q1}
 d - 4 potions of brilliance
 e - a potion of lignification {unknown}
 i - a potion of experience {unknown}
 j - 4 potions of flight
 q - 6 potions of haste {@q3}
 u - a potion of ambrosia
 z - 7 potions of heal wounds {@q2}
 A - 2 potions of resistance {unknown}
 B - 3 potions of magic {unknown}
 J - 6 potions of might
 K - 3 potions of berserk rage {!q}
 P - 2 potions of mutation {unknown}
 R - a potion of cancellation {unknown}
 U - 2 potions of invisibility {unknown}
Comestibles
 a - 58 rations

Dungeon Overview and Level Annotations

Branches:
Dungeon (15/15)            Temple (0/1) D:5            Lair (6/6) D:11
 Shoals (0/4) Lair:3       Spider (2/4) Lair:4        Slime (1/5) Lair:5
    Orc (2/2) D:12            Elf (0/3) Orc:2        Vaults (0/5) D:13
 Depths (0/5) D:15        Ossuary (visited)          Bailey (visited)

Altars:
Ashenzari
Cheibriados
Dithmenos
Elyvilon
Fedhas
Nemelex Xobeh
Qazlal
Ru
Trog
Wu Jian
Xom
Yredelemnul
Zin
The Shining One
Beogh

Shops:
Orc:2 *=[(

Annotations:
D:10 Snorg

▒ . .▒.. ▒▒▒▒▒
▒▒▒▒....
▒▒▒▒▒...▒▒▒.......
▒dy▒▒▒............
▒▒y........<......
▒▒..▒......▒.▒...
▒▒.>......)..^..
▒....s............
▒...^.............
▒▒............▒^..
▒..y......▒....▒...
▒▒...........▒.. .▒


You could see 2 spark wasps and a jumping spider.


Message History

You miss the spark wasp.
The spark wasp is lightly wounded.
You feel sick.
You redirect the spark wasp's attack!
The spark wasp completely misses you.
Unknown command.
You hit the spark wasp but do no damage.
The spark wasp is lightly wounded.
You feel sick. The spark wasp stings you!
* * * LOW HITPOINT WARNING * * *
The spark wasp shocks you!
* * * LOW HITPOINT WARNING * * *
Unknown command.
You barely miss the spark wasp.
Your tail-slap misses the spark wasp.
The spark wasp is lightly wounded.
You feel sick. The spark wasp completely misses you.
You redirect the spark wasp's attack!
The spark wasp misses you.
You hit the spark wasp.
You tail-slap the spark wasp, but do no damage.
The spark wasp is lightly wounded.
You feel sick.
The jumping spider begins to attack, but is stunned by your will!
The spark wasp stings you.
* * * LOW HITPOINT WARNING * * *
The spark wasp shocks you!
You die...

Action                   |  1- 3 |  4- 6 |  7- 9 | 10-12 | 13-15 | 16-18 || total
-------------------------+-------+-------+-------+-------+-------+-------++-------
Melee: Unarmed           |   125 |   176 |   503 |  1149 |  1122 |   182 ||  3257
       Tailslap          |    12 |    28 |    88 |   217 |   306 |    46 ||   697
       Punch             |     3 |     3 |    26 |    66 |   150 |    20 ||   268
 Fire: Hunting sling     |    20 |    26 |    35 |     4 |       |       ||    85
Invok: Sacrifice Stealth |       |       |     1 |       |       |       ||     1
       Sacrifice Artific |       |       |     1 |       |       |       ||     1
       Sacrifice Experie |       |       |     1 |       |       |       ||     1
       Reject Sacrifices |       |       |     1 |       |       |       ||     1
       Apocalypse        |       |       |       |     3 |     7 |     2 ||    12
       Power Leap        |       |       |       |     1 |       |       ||     1
       Sacrifice Skill   |       |       |       |     1 |       |       ||     1
  Use: Potion            |       |     5 |     3 |       |       |     2 ||    10
       Scroll            |       |       |     9 |     7 |     3 |       ||    19
 Stab: Sleeping          |     4 |       |       |       |       |       ||     4
       Distracted        |       |     2 |     1 |     2 |     9 |     2 ||    16
       Paralysed         |       |       |     1 |     5 |    23 |       ||    29
       Invisible         |       |       |       |     3 |    11 |     5 ||    19
       Petrified         |       |       |       |       |     2 |       ||     2
       Confused          |       |       |       |       |     3 |       ||     3
  Eat: Chunk             |     2 |     6 |    15 |    32 |    36 |     7 ||    98
       Ration            |       |       |     1 |     2 |     2 |       ||     5
Armor: Skin              |    30 |    29 |   142 |   273 |   269 |    64 ||   807
Dodge: Dodged            |    71 |    89 |   319 |   861 |   856 |   207 ||  2403
       Repelled          |       |       |       |       |       |     1 ||     1

Levels and vault maps discovered:
D:1:      saegor_arrival_simple_c, layout_basic
D:2:      layout_loops_cross, gammafunk_temple_overflow_wave, uniq_robin
D:3:      layout_basic, first_ration, gammafunk_ghost_icy,
          hangedman_decor_slide_cut, chequers_arboretum,
          minmay_misc_feat_rugged, uniq_terence
D:4:      layout_basic, minitemple, lightli_ossuary_entry_decrepit_ruins
D:5:      layout_basic, minmay_temple_entry_tees, uniq_edmund, uniq_ijyb
D:6:      layout_basic, cheibrodos_ashenzari_chains, hangedman_decor_points,
          chequers_serial_rivers_micro_d
D:7:      kennysheep_windowed_halls, layout_cave_pools, grunt_ogre_cave,
          minmay_holes
D:8:      lemuel_slime, layout_basic, grunt_dithmenos_smoke
D:9:      layout_roguey
D:10:     layout_basic, basic_altar, uniq_urug, uniq_snorg
D:11:     due_megacathedral, layout_basic, dpeg_oklobed_lair
D:12:     layout_long_grid, orc_0_dummy, enter_bailey_7, uniq_maurice
D:13:     layout_roguey, erik_vaults_2, serial_rivers,
          chequers_serial_rivers_micro_e, chequers_serial_rivers_micro_a,
          chequers_serial_rivers_micro_b, chequers_serial_rivers_small_a,
          minivault_1
D:14:     layout_roguey, minmay_hedge_maze
D:15:     hangedman_spin_cycle, serial_shops
Lair:1:   layout_roguey, chequers_serial_rivers_small_3,
          grunt_forest_large_clearing_hut
Lair:2:   layout_hall_layers, ebering_ghost_inner_flame, st_stairs_8
Lair:3:   layout_big_grid, elwin_shoals_entry_stream, basic_altar, st_stairs_11,
          minmay_lair_oklob_bushes, serial_bayou_pond_d,
          chequers_serial_rivers_room_b, nicolae_quartered_pool_medium,
          uniq_gastronok
Lair:4:   layout_roguey, spider_nest_entry_webs, chequers_serial_rivers_micro_d,
          lemuel_fruit_fields
Lair:5:   layout_cave_pods, dpeg_slime_entry_corner, beast_lair_carwin_2
Lair:6:   guppyfry_lair_end_dragon, layout_cave_pods, wormcave,
          grunt_megastairs_4, serial_bayou_shore_a, uniq_kirke
Spider:1: layout_spider_delve, uniq_roxanne, uniq_agnes, uniq_asterion,
          uniq_frances
Spider:2: layout_spider_delve, spiders_nest_hornet_nest
Slime:1:  cheibrodos_slime_lost_civilization_2, layout_caves,
          nicolae_slime_phagocytosis
Orc:1:    nicolae_orc_accident_1, layout_caves
Orc:2:    grunt_orc_cross, layout_diamond_mine, guppyfry_library_mini,
          uniq_saint_roka, uniq_azrael, uniq_rupert

Notes
Turn   | Place    | Note
-------+----------+-------------------------------------------
     0 | D:1      | sanka the Draconian Monk began the quest for the Orb.
     0 | D:1      | Reached XP level 1. HP: 19/19 MP: 1/1
   321 | D:1      | Reached XP level 2. HP: 26/26 MP: 2/2
   896 | D:2      | Reached skill level 4 in Unarmed Combat
   981 | D:2      | Reached XP level 3. HP: 29/31 MP: 3/3
  1222 | D:2      | Identified the +0 helmet "Kucvi" {rF+ Dex+2}
  1222 | D:2      | Noticed Robin
  1497 | D:2      | Killed Robin
  1497 | D:2      | Reached skill level 5 in Unarmed Combat
  1497 | D:2      | Reached XP level 4. HP: 31/38 MP: 4/4
  1757 | D:2      | Found a shimmering altar of Xom.
  1757 | D:2      | Found a glowing golden altar of the Shining One.
  2244 | D:3      | Noticed a centaur
  2257 | D:3      | Killed a centaur
  2257 | D:3      | Reached skill level 6 in Unarmed Combat
  2257 | D:3      | Reached XP level 5. HP: 38/45 MP: 5/5
  2335 | D:3      | Noticed Terence
  2389 | D:3      | Killed Terence
  2646 | D:3      | Found a runed translucent gate.
  2646 | D:3      | Found a runed translucent gate.
  2646 | D:3      | Found a runed translucent gate.
  3058 | D:3      | Noticed PIKKUHERKKO's ghost (amateur DsGl)
  3299 | D:4      | Reached XP level 6. HP: 42/51 MP: 6/6
  3436 | D:4      | Found a sand-covered staircase.
  3458 | Ossuary  | Entered an ossuary
  3492 | Ossuary  | Reached skill level 7 in Unarmed Combat
  3723 | Ossuary  | Reached skill level 8 in Unarmed Combat
  3729 | Ossuary  | Your scales start taking on a dull iron-grey colour.
  3729 | Ossuary  | Reached XP level 7. HP: 33/57 MP: 7/7
  3729 | Ossuary  | Gained mutation: You can survive without breathing. [Grey
                  | Draconian growth]
  4147 | Ossuary  | Reached skill level 9 in Unarmed Combat
  4658 | D:4      | Found a stormy altar of Qazlal.
  4659 | D:4      | Found a sacrificial altar of Ru.
  4740 | D:4      | Became a worshipper of Ru the Awakened
  4817 | D:4      | Gained mutation: You cannot be stealthy. [Ru sacrifice]
  4817 | D:4      | Reduced skill Stealth to level 0
  5206 | D:5      | Entered Level 5 of the Dungeon
  5207 | D:5      | Noticed Edmund
  5228 | D:5      | Killed Edmund
  5228 | D:5      | Reached skill level 10 in Unarmed Combat
  5228 | D:5      | Reached XP level 8. HP: 23/63 MP: 8/8
  5432 | D:5      | Reached skill level 3 in Dodging
  5738 | D:5      | Noticed Ijyb
  5751 | D:5      | Killed Ijyb
  5752 | D:5      | Found a staircase to the Ecumenical Temple.
  5754 | D:5      | Reached skill level 4 in Fighting
  6457 | D:6      | Reached skill level 5 in Fighting
  6457 | D:6      | Reached skill level 4 in Dodging
  6764 | D:6      | Reached skill level 6 in Fighting
  6786 | D:6      | Reached skill level 5 in Dodging
  6884 | D:6      | Gained mutation: You cannot study or use magical devices.
                  | [Ru sacrifice]
  6884 | D:6      | Reached * piety under Ru
  6884 | D:6      | Reached ** piety under Ru
  6884 | D:6      | Reached *** piety under Ru
  6906 | D:6      | Reached XP level 9. HP: 65/78 MP: 9/9
  6976 | D:6      | Found a shattered altar of Ashenzari.
  7658 | D:7      | Reached skill level 7 in Fighting
  7787 | D:7      | Reached skill level 6 in Dodging
  8291 | D:7      | Reached skill level 8 in Fighting
  8312 | D:7      | Reached skill level 7 in Dodging
  8598 | D:7      | Noticed a troll
  8611 | D:7      | Reached skill level 8 in Dodging
  8630 | D:7      | Killed a troll
  8822 | D:7      | Reached XP level 10. HP: 79/88 MP: 10/10
  9210 | D:3      | Killed PIKKUHERKKO's ghost
  9783 | D:8      | Found a shadowy altar of Dithmenos.
 10178 | D:8      | Noticed an oklob plant
 10925 | D:8      | Killed an oklob plant
 10925 | D:8      | Reached skill level 11 in Unarmed Combat
 11138 | D:9      | Reached skill level 9 in Fighting
 11805 | D:10     | Entered Level 10 of the Dungeon
 11805 | D:10     | Noticed Urug
 11820 | D:10     | Killed Urug
 11820 | D:10     | Reached skill level 9 in Dodging
 12046 | D:10     | Reached XP level 11. HP: 97/97 MP: 11/11
 12279 | D:10     | Noticed Snorg
 12301 | D:10     | Gained mutation: You are somewhat unskilled. (-1 Apt) [Ru
                  | sacrifice]
 12301 | D:10     | Reduced skill Fighting to level 8
 12301 | D:10     | Reduced skill Dodging to level 8
 12301 | D:10     | Reached **** piety under Ru
 12438 | D:10     | Found a blossoming altar of Fedhas.
 13036 | D:10     | Reached skill level 9 in Fighting
 13457 | D:11     | Noticed an unseen horror
 13492 | D:10     | Killed an unseen horror
 13723 | D:11     | Got a crude hand axe
 13724 | D:11     | Identified the +2 hand axe "Transmigrator" {venom, rPois}
                  | (You found it on level 11 of the Dungeon)
 13981 | D:11     | Noticed a deep elf mage
 13993 | D:11     | Killed a deep elf mage
 14232 | D:11     | Noticed an oklob plant
 14247 | D:11     | Gained mutation: You are somewhat inexperienced. (-2 XL)
                  | [Ru sacrifice]
 14247 | D:11     | Reached XP level 10. HP: 87/91 MP: 10/10
 14247 | D:11     | Reached XP level 9. HP: 84/84 MP: 9/9
 14247 | D:11     | Reached ***** piety under Ru
 14247 | D:11     | Reached ****** piety under Ru
 14261 | D:11     | Killed a troll
 14420 | D:11     | Noticed an oklob plant
 14426 | D:11     | Found a staircase to the Lair.
 14433 | D:11     | Killed an oklob plant
 14433 | D:11     | Reached skill level 9 in Dodging
 14433 | D:11     | Reached XP level 10. HP: 91/91 MP: 10/10
 14454 | D:11     | Killed an oklob plant
 14454 | D:11     | Reached skill level 12 in Unarmed Combat
 14792 | D:11     | Found a snail-covered altar of Cheibriados.
 14815 | D:11     | Found a shimmering altar of Xom.
 14994 | D:11     | Found a white marble altar of Elyvilon.
 15029 | D:11     | Found a shadowy altar of Dithmenos.
 15030 | D:11     | Noticed a six-headed hydra
 15042 | D:11     | Killed a six-headed hydra
 15042 | D:11     | Reached skill level 10 in Fighting
 15343 | D:11     | Found a runed translucent door.
 15381 | D:11     | Noticed a flayed ghost
 15393 | D:11     | Killed a flayed ghost
 15393 | D:11     | Reached XP level 11. HP: 54/99 MP: 11/11
 15513 | D:11     | Got a scintillating lapis lazuli ring
 15515 | D:11     | Identified the ring of Uxturuirr {rC- Str+8 Slay+4} (You
                  | found it on level 11 of the Dungeon)
 15574 | D:11     | Found a basalt altar of Yredelemnul.
 15582 | D:11     | Found a sparkling altar of Nemelex Xobeh.
 15640 | D:11     | Learned a level 6 spell: Hydra Form
 15698 | Lair:1   | Entered Level 1 of the Lair of Beasts
 16244 | Lair:1   | Reached skill level 1 in Transmutations
 16247 | Lair:1   | Reached skill level 1 in Spellcasting
 16931 | Lair:2   | Noticed a seven-headed hydra
 17439 | Lair:2   | Killed a seven-headed hydra
 17767 | Lair:2   | Found a runed translucent door.
 17771 | Lair:2   | Noticed Gibetzo's ghost (journeyman GnSk)
 17799 | Lair:2   | Killed Gibetzo's ghost
 17799 | Lair:2   | Reached skill level 13 in Unarmed Combat
 17799 | Lair:2   | Reached skill level 2 in Transmutations
 17801 | Lair:2   | Reached skill level 2 in Spellcasting
 18084 | Lair:3   | Found a glowing silver altar of Zin.
 18125 | Lair:3   | Noticed Gastronok
 18141 | Lair:3   | Killed Gastronok
 18247 | Lair:3   | Reached skill level 3 in Transmutations
 18247 | Lair:3   | Reached XP level 12. HP: 69/108 MP: 10/16
 18488 | Lair:3   | Reached skill level 10 in Dodging
 18741 | Lair:3   | Reached skill level 3 in Spellcasting
 18907 | Lair:3   | Found a staircase to the Shoals.
 19320 | Lair:4   | Reached skill level 11 in Fighting
 19750 | Lair:4   | Found a hole to the Spider Nest.
 20072 | Lair:5   | Reached skill level 4 in Transmutations
 20592 | Lair:5   | Reached skill level 4 in Spellcasting
 20973 | Lair:5   | Reached skill level 14 in Unarmed Combat
 21067 | Lair:5   | Found a staircase to the Slime Pits.
 21130 | Lair:5   | Reached XP level 13. HP: 110/116 MP: 17/19
 21414 | Lair:6   | Entered Level 6 of the Lair of Beasts
 21455 | Slime:1  | Entered Level 1 of the Pits of Slime
 21865 | Lair:6   | Reached skill level 5 in Transmutations
 21969 | Lair:6   | Identified +0 swamp dragon scales
 21974 | Lair:6   | Noticed a fire dragon
 21994 | Lair:6   | Killed a fire dragon
 21994 | Lair:6   | Identified +0 fire dragon scales
 22524 | Lair:6   | Reached skill level 5 in Spellcasting
 22960 | Lair:6   | Found a runed translucent door.
 22960 | Lair:6   | Noticed a fire dragon
 22978 | Lair:6   | Paralysed by a hornet for 3 turns
 23126 | Lair:6   | Paralysed by a hornet for 3 turns
 23316 | Lair:6   | Paralysed by a hornet for 1 turns
 23706 | Lair:6   | Killed a fire dragon
 23935 | D:12     | Found a staircase to the Orcish Mines.
 24023 | D:12     | Found a flagged portal.
 24059 | Bailey   | Entered a bailey
 24280 | Bailey   | Reached skill level 12 in Fighting
 24329 | Bailey   | Reached XP level 14. HP: 39/126 MP: 8/22
 24633 | Bailey   | Identified a +0 crystal plate armour
 24663 | Bailey   | Reached skill level 6 in Transmutations
 25550 | D:12     | Noticed Maurice
 25559 | D:12     | Killed Maurice
 25743 | Orc:1    | Entered Level 1 of the Orcish Mines
 25770 | Orc:1    | Reached skill level 11 in Dodging
 26301 | Orc:1    | Reached skill level 15 in Unarmed Combat
 26373 | Orc:2    | Entered Level 2 of the Orcish Mines
 26382 | Orc:2    | Noticed Azrael
 26389 | Orc:2    | Noticed Rupert
 26395 | Orc:2    | Killed Azrael
 26397 | Orc:2    | Killed Rupert
 26409 | Orc:2    | Noticed Saint Roka
 26651 | Orc:2    | Killed Saint Roka
 26651 | Orc:2    | Reached skill level 6 in Spellcasting
 27257 | Orc:2    | Found a staircase to the Elven Halls.
 27270 | Orc:2    | Noticed Nergalle
 27304 | Orc:2    | Killed Nergalle
 27476 | Orc:2    | Noticed an orc warlord
 27483 | Orc:2    | Found a roughly hewn altar of Beogh.
 27708 | Orc:2    | Killed an orc warlord
 27870 | Orc:2    | Noticed Blork the orc
 27884 | Orc:2    | Killed Blork the orc
 27916 | Orc:2    | Found Mas Haum's Antique Weapon Emporium.
 27957 | Orc:2    | Found Dummyen's Jewellery Emporium.
 27962 | Orc:2    | Found Qaffitoh's General Store.
 28258 | Orc:2    | Found Xithajiq's Antique Armour Emporium.
 28704 | D:13     | Reached skill level 7 in Transmutations
 28880 | D:13     | Found a gate to the Vaults.
 28949 | D:13     | Reached XP level 15. HP: 62/134 MP: 13/25
 29273 | D:13     | Learned a level 2 spell: Passwall
 30300 | D:14     | Reached skill level 7 in Spellcasting
 30572 | D:15     | Entered Level 15 of the Dungeon
 30882 | D:15     | Got a wavering iron ring
 30884 | D:15     | Identified the ring "Beggir Lygu" {*Tele rElec rF+ MP+9
                  | Int-4} (You found it on level 15 of the Dungeon)
 30902 | D:15     | Reached skill level 16 in Unarmed Combat
 31087 | D:15     | Paralysed by a great orb of eyes for 7 turns
 31467 | D:15     | Reached skill level 13 in Fighting
 31542 | D:15     | Got a scintillating turquoise ring
 31544 | D:15     | Identified the ring "Juaner" {Ice rPois rN+ MP-9 Dex+4}
                  | (You found it on level 15 of the Dungeon)
 31604 | D:15     | Paralysed by a great orb of eyes for 7 turns
 31757 | D:15     | Reached skill level 8 in Transmutations
 31823 | D:15     | Got a translucent iron ring
 31825 | D:15     | Identified the ring "Uryfytz" {rPois Dex+6} (You found it
                  | on level 15 of the Dungeon)
 31933 | D:15     | Found a bloodstained altar of Trog.
 31981 | D:15     | Noticed a sphinx
 31981 | D:15     | Paralysed by a sphinx for 4 turns
 31997 | D:15     | Killed a sphinx
 32727 | D:15     | Found a glowing silver altar of Zin.
 32795 | D:15     | Noticed Kirke
 33162 | D:15     | Noticed a frost giant
 33170 | D:15     | Killed a frost giant
 33171 | D:15     | Found a staircase to the Depths.
 33517 | D:15     | Found an ornate altar of the Wu Jian Council.
 33543 | D:15     | Reached skill level 12 in Dodging
 33583 | D:15     | Killed Kirke
 34065 | Spider:1 | Entered Level 1 of the Spider Nest
 34075 | Spider:1 | Identified a +2 robe of resistance
 34075 | Spider:1 | Noticed Agnes
 34089 | Spider:1 | Killed Agnes
 34089 | Spider:1 | Reached XP level 16. HP: 62/144 MP: 11/27
 34524 | Spider:1 | Noticed Asterion
 34547 | Spider:1 | Killed Asterion
 34547 | Spider:1 | Reached skill level 8 in Spellcasting
 34911 | Spider:1 | Noticed Frances
 34931 | Spider:1 | Killed Frances
 35367 | Spider:1 | Noticed Roxanne
 35684 | Spider:1 | Killed Roxanne
 35697 | Spider:1 | Learned a level 7 spell: Dragon Form
 35846 | Spider:1 | Reached skill level 9 in Transmutations
 36254 | Spider:2 | HP: 13/144 [spark wasp (9)]
 36259 | Spider:2 | HP: 13/144 [spark wasp (14)]
 36261 | Spider:2 | Slain by a spark wasp

Vanquished Creatures
  Saint Roka (Orc:2)
  Rupert (Orc:2)
  Asterion (Spider:1)
  Frances (Spider:1)
  A sphinx (D:15)
  Agnes (Spider:1)
  Gastronok (Lair:3)
  Roxanne (Spider:1)
  Kirke (D:15)
  A frost giant (D:15)
  An orc warlord (Orc:2)
  An emperor scorpion (Spider:1)
  Azrael (Orc:2)
  4 great orbs of eyes (D:15)
  2 ettins (D:15)
  12 vault guards
  A yaktaur captain (D:15)
  3 fire dragons
  4 hydras
  The ghost of Gibetzo the Magician, a journeyman GnSk of Okawaru (Lair:2)
  3 centaur warriors (D:15)
  3 two-headed ogres
  Urug (D:10)
  An orc high priest (Orc:2)
  2 tengu warriors (D:15)
  Nergalle (Orc:2)
  3 fire crabs
  2 unseen horrors
  A swamp dragon (Lair:6)
  A flayed ghost (D:11)
  A lindwurm (Lair:6)
  A necromancer (D:15)
  An orb spider (shapeshifter) (D:15)
  8 orc knights
  2 orb spiders (Spider:1)
  4 cyclopes
  2 ugly things
  2 deep elf magi
  An orc sorcerer (Orc:2)
  5 wolf spiders (Spider:1)
  A wolf spider zombie (D:15)
  4 oklob plants
  A merfolk siren (Lair:3)
  2 manticores
  17 elephants
  A moth of wrath (shapeshifter) (D:15)
  Maurice (D:12)
  2 black mambas
  A gargoyle (D:13)
  6 torpor snails
  2 centaur skeletons
  3 spiny frogs
  A freezing wraith (D:14)
  6 kobold demonologists
  2 tengu conjurers (D:15)
  6 rime drakes
  9 komodo dragons
  An efreet (D:15)
  A demonic crawler (Spider:1)
  6 trolls
  A polar bear (Lair:6)
  A queen bee (shapeshifter) (D:15)
  A meliai (D:15)
  12 blink frogs
  3 merfolk (Lair:3)
  4 tyrant leeches (Lair:6)
  12 hornets
  A meliai zombie (D:12)
  4 slime creatures (D:13)
  16 hippogriffs
  A hippogriff (shapeshifter) (D:14)
  3 shadows
  A centaur simulacrum (D:15)
  7 tarantellas (Spider:1)
  5 spriggans
  6 wraiths
  A yak (shapeshifter) (D:15)
  A spriggan (shapeshifter) (D:14)
  A wyvern (Lair:1)
  15 redbacks
  3 hogs (D:15)
  3 basilisks
  26 yaks
  11 fire bats (D:11)
  3 fire elementals (Orc:2)
  2 hungry ghosts
  A steam dragon (Lair:6)
  The ghost of PIKKUHERKKO the Chopper, an amateur DsGl (D:3)
  11 vampire mosquitoes
  4 wargs
  Edmund (D:5)
  An acid dragon (Lair:6)
  13 water moccasins
  5 hell hounds (Orc:2)
  2 soldier ants
  2 porcupines
  4 ice beasts
  5 sky beasts
  37 orc warriors
  A black bear (D:12)
  2 swamp drakes (Lair:6)
  15 ogres
  2 necrophages
  2 phantoms
  4 wolves (Lair:4)
  2 boggarts (D:15)
  15 centaurs
  17 crocodiles
  10 big kobolds
  18 bullfrogs
  Blork the orc (Orc:2)
  A water moccasin zombie (Ossuary)
  A wyvern zombie (Ossuary)
  3 scorpions
  A hornet simulacrum (D:14)
  10 killer bees
  2 electric eels (Lair:6)
  21 wights
  6 crimson imps
  10 centaur zombies
  28 orc wizards
  4 bullfrog zombies
  14 jellies
  15 orc priests
  2 bullfrog skeletons
  10 hounds
  Ijyb (D:5)
  Terence (D:3)
  An iguana (D:11)
  17 worker ants
  16 mummies (Ossuary)
  3 hound zombies
  A hound skeleton (D:4)
  Robin (D:2)
  A howler monkey zombie (D:7)
  3 gnolls
  A howler monkey skeleton (D:8)
  10 adders
  A hound simulacrum (D:3)
  3 shadow imps
  2 worker ant simulacra (D:3)
  10 oozes (D:8)
  3 adder zombies (Ossuary)
  A dart slug (D:3)
  2 worms
  7 leopard geckos
  96 orcs
  72 bats
  4 giant cockroaches
  13 goblins
  9 hobgoblins
  20 jackals
  A quokka (D:10)
  A ball python (D:3)
  A ball python zombie (Ossuary)
  4 frilled lizards
  2 giant cockroach simulacra (D:3)
  A giant cockroach zombie (Ossuary)
  A jackal zombie (Ossuary)
  26 kobolds
  A leopard gecko simulacrum (D:3)
  A leopard gecko skeleton (D:4)
  A quokka simulacrum (D:3)
  2 quokka skeletons
  11 rats
  A bush (Lair:3)
  3 fungi
  7 plants
  A withered plant (Ossuary)
970 creatures vanquished.

Vanquished Creatures (others)
  An orc knight (Bailey)
  2 redbacks
  A yak (Lair:6)
  A hog (D:14)
  A porcupine (Lair:4)
  A jelly (D:8)
  An orc (Bailey)
  A goblin (D:12)
  14 fungi
  27 plants
  4 withered plants (Ossuary)
54 creatures vanquished.

Grand Total: 1024 creatures vanquished
